 Dungeon Crawl Stone Soup version 0.26-a0-996-g6b303dbc09 (webtiles) character file.

Game seed: 5977695375012269609

1 Descartes the Sneak (level 1, 0/10 HPs)
             Began as a Felid Delver on Dec 6, 2020.
             Slain by a centaur zombie (1 damage)
             ... on level 6 of the Dungeon.
             The game lasted 00:00:39 (101 turns).

Descartes the Sneak (Felid Delver)                   Turns: 101, Time: 00:00:40

Health: 0/10       AC:  1    Str:  8    XL:     1   Next: 16%
Magic:  2/2        EV: 18    Int: 11    God:
Gold:   38         SH:  0    Dex: 17    Spells: 0/0 levels left
                                        Lives:  0   Deaths: 0

rFire    . . .     SeeInvis +     - Unarmed
rCold    . . .     Faith    .   (shield unavailable)
rNeg     . . .     Spirit   .   (armour unavailable)
rPois    .         Reflect  .   (helmet unavailable)
rElec    .         Harm     .   (cloak unavailable)
rCorr    .         Rampage  .   (gloves unavailable)
MR       .....                  (boots unavailable)
Stlth    ++++......             (no amulet)
HPRegen  0.03/turn              (no ring)
MPRegen  0.08/turn              (no ring)

@: quick
A: very small, no armour, no weapons or thrown items, stealth, claws 1, fangs 3,
see invisible, speed 1, shaggy fur 1, sharp paws
a: no special abilities


You were on level 6 of the Dungeon.
You visited 1 branch of the dungeon, and saw 2 of its levels.

You collected 38 gold pieces.

Inventory:

Missiles
 f - 18 arrows
Wands
 e - a wand of digging (3)
Scrolls
 a - a scroll of fog
 b - a scroll of magic mapping
 c - a scroll of fear
Potions
 d - a potion of haste


   Skills:
 - Level 3.0 Fighting
 - Level 2.6 Dodging
 + Level 6.7 Stealth
 - Level 2.0 Unarmed Combat


You couldn't memorise any spells.
You didn't know any spells.
Your spell library was empty.

Dungeon Overview and Level Annotations

Branches:
Dungeon (6/15)
 Temple: D:4-7

Altars:
Cheibriados


Innate Abilities, Weirdness & Mutations

You cannot wear armour.
You are incapable of wielding weapons or throwing items.
Your paws allow you to move quietly. (Stealth)
You have sharp claws.
You have razor-sharp teeth.
You have supernaturally acute eyesight. (SInv)
You cover ground quickly.
You are covered in fur. (AC +1)
Your sharp claws are effective at attacking unaware monsters.


Message History

The puff of flame hits you.
Ouch! That really hurt!
* * * LOW HITPOINT WARNING * * *
There are monsters nearby!
There is a stone staircase leading down here.
You climb downwards.
An orc and a zombie come into view.
There is a stone staircase leading up here.
The helpless centaur zombie fails to defend itself.
You mangle the centaur zombie!! You bite the centaur zombie.
The centaur zombie is heavily damaged.
The centaur zombie barely misses you.
You scratch the centaur zombie.
The centaur zombie is severely damaged.
The centaur zombie completely misses you.
You scratch the centaur zombie but do no damage.
You bite the centaur zombie.
The centaur zombie is severely damaged.
The centaur zombie hits you.
You die...

### ###
..#...
#.#.# .
#...#....
#@Z.....#
#.....#..
#...#o#
###.# ..
.# # ..
##


You could see an orc (asleep) and a centaur zombie.

Vanquished Creatures
  A giant cockroach (D:5)
1 creature vanquished.

Notes
Turn   | Place    | Note
-------+----------+-------------------------------------------
     0 | D:5      | Descartes the Felid Delver began the quest for the Orb.
     0 | D:5      | Reached XP level 1. HP: 10/10 MP: 2/2
    27 | D:5      | Noticed an ice beast
    59 | D:5      | Noticed an orc wizard
   101 | D:6      | Slain by a centaur zombie

Illustrated notes

Levels and vault maps discovered:
D:5:      layout_basic, kennysheep_slug_shrine,
          lemuel_zombie_altar_kikubaaqudgha, serial_shops,
          nicolae_shop_statue_plus, lemuel_flamethrower_1
D:6:      layout_basic, grunt_temple_overflow_holy_war,
          nicolae_overflow_crystal_walls, gammafunk_temple_overflow_elements,
          uniq_pikel

Action                   || total
-------------------------++-------
Melee: Unarmed           ||     4
       Bite              ||     2
 Stab: Sleeping          ||     2
Dodge: Dodged            ||     2

Table legend: (Time is in decaauts)
 A = Elapsed time spent in this place.
 B = Non-inter-level travel time spent in this place.
 C = Inter-level travel time spent in this place.
 D = Time resting spent in this place.
 E = Time spent auto-exploring this place.
 F = Levels seen in this place.
 G = Mean time per level.
                   A        B        C        D        E       F      G
               +--------+--------+--------+--------+--------+-----+--------+
         Total |     83 |     83 |      0 |      0 |     21 |   2 |   41.5 |
       Dungeon |     83 |     83 |      0 |      0 |     21 |   2 |   41.5 |
               +--------+--------+--------+--------+--------+-----+--------+

Top non-repeatable levels by time:
     D:5: 81 daAuts
     D:6: 2 daAuts
